 Dungeon Sprint DCSS version 0.28-a0-8-g6e044cfa68 (webtiles) character file.

Game seed: 2467889190818754134

127687 mhtbhm the Minotaur Cataclysm (level 16, -4/167 HPs)
             Began as a Minotaur Fighter on July 24, 2021.
             Was a High Priest of Qazlal.
             Killed from afar by the Serpent of Hell (23 damage)
             ... with a fireball
             ... in the Dungeon (Sprint VII: "The Pits").
             The game lasted 00:12:54 (4954 turns).

mhtbhm the Minotaur Cataclysm (Minotaur Fighter)    Turns: 4954, Time: 00:12:55

Health: -4/167     AC: 31    Str: 33    XL:     16   Next: 46%
Magic:  16/32      EV: 10    Int:  5    God:    Qazlal [*****.]
Gold:   27         SH: 34    Dex: 11    Spells: 15/15 levels left

rFire   + + .      SeeInvis .   a - +5 broad axe (protect)
rCold   + . .      Faith    .   c - +0 tower shield
rNeg    . . .      Spirit   .   b - +2 gold dragon scales
rPois   +          Reflect  .   (helmet restricted)
rElec   .          Harm     .   n - +1 cloak
rCorr   .          Rampage  .   s - +0 pair of gloves
Will    ++...      NoTele   +   r - +0 pair of boots {Stlth+}
Stlth   ..........              (no amulet)
HPRegen 1.37/turn               z - +6 ring of strength
MPRegen 0.23/turn               B - +4 ring of slaying

@: protected from fire, studying Dodging, repel missiles
A: horns 2, retaliatory headbutt, strong-willed 1, sense surroundings 1,
regeneration 1
a: Renounce Religion, Upheaval, Elemental Force, Disaster Area


You were in the Dungeon.
You worshipped Qazlal.
Qazlal was extremely pleased with you.
You visited 1 branch You collected 27 gold pieces.

Inventory:

Hand Weapons
 a - a +5 broad axe of protection (weapon)
Armour
 b - +2 gold dragon scales (worn)
 c - a +0 tower shield (worn)
 n - a +1 cloak (worn)
 r - a +0 pair of boots of stealth (worn)
 s - a +0 pair of gloves (worn)
Jewellery
 o - a ring of flight
 x - the ring of Kikubaaqudgha's Hope {Drain rF- rCorr Str+5 Int+6}
   (You found it in the Dungeon)

   [ring of intelligence]

   Str:       It affects your strength (+5).
   Int:       It affects your intelligence (+6).
   rF:        It makes you vulnerable to fire.
   rCorr:     It protects you from acid and corrosion.
   Drain:     It drains your maximum health when unequipped.
 z - a +6 ring of strength (left hand)
 B - a +4 ring of slaying (right hand)
Scrolls
 l - 5 scrolls of amnesia
 m - a scroll of summoning
 t - 3 scrolls of identify
 u - a scroll of fog
 v - 4 scrolls of enchant weapon
 w - 4 scrolls of enchant armour
 y - a scroll of fear
Potions
 d - a potion of might
 e - 5 potions of curing
 g - 4 potions of haste
 h - 2 potions of magic
 i - 2 potions of berserk rage
 k - a potion of invisibility
 p - 2 potions of brilliance
 q - 3 potions of mutation
Miscellaneous
 E - a phantom mirror


   Skills:
 + Level 21.5 Fighting
 + Level 24.4 Axes
 + Level 19.1 Armour
 + Level 9.8 Dodging
 - Level 0.4 Stealth
 + Level 26.0 Shields
 O Level 27 Invocations
 + Level 5.7 Evocations


You had 15 spell levels left.
You didn't know any spells.
Your spell library contained the following spells:

 Spells                   Type           Power      Damage    Failure   Level
 Passwall                 Tmut/Erth      0%         N/A       100%        2
 Swiftness                Air            0%         N/A       100%        3
 Invisibility             Hex            0%         N/A       100%        6


Dungeon Overview and Level Annotations

Branches:
Dungeon (1/1)

Altars:
Ashenzari
Cheibriados
Dithmenos
Elyvilon
Fedhas
Gozag
Hepliaklqana
Kikubaaqudgha
Makhleb
Nemelex Xobeh
Okawaru
Qazlal
Ru
Sif Muna
Trog
Uskayaw
Vehumet
Wu Jian
Xom
Yredelemnul
Zin
The Shining One
Beogh
Jiyva
Lugonu

Annotations:
D Serpent of Hell


Innate Abilities, Weirdness & Mutations

You have a pair of horns on your head.
You reflexively headbutt those who attack you in melee.
You are strong-willed. (Will+)
You passively map a small area around you.
Your natural rate of healing is unusually fast.


Message History

Unknown command.
You feel much better. The Serpent of Hell closely misses you.
You block the Serpent of Hell's attack. x2
The Serpent of Hell claws you but does no damage.
The Serpent of Hell tramples you but does no damage.
Unknown command.
The Serpent of Hell roars!
A dragon appears.
Okay, then.
You feel yourself speed up.
You block the Serpent of Hell's attack. x4
The Serpent of Hell tramples you but does no damage.
The quicksilver dragon bites you but does no damage.
The quicksilver dragon claws you but does no damage.
The quicksilver dragon breathes dispelling energy at you.
The bolt of dispelling energy hits you.
You feel protected from physical attacks.
Your magical effects are unravelling.
* * * LOW HITPOINT WARNING * * *
The Serpent of Hell bites you but does no damage.
The Serpent of Hell bites you.
* * * LOW HITPOINT WARNING * * *
You are engulfed in flames!
You resist.
* * * LOW HITPOINT WARNING * * *
You block the Serpent of Hell's attack.
The Serpent of Hell claws you but does no damage.
You block the Serpent of Hell's attack.
Okay, then.
Okay, then.
You feel yourself slow down.
You block the quicksilver dragon's attack. x2
The Serpent of Hell breathes flames at you.
The blast of flame hits you! You resist.
* * * LOW HITPOINT WARNING * * *
The Serpent of Hell breathes flames at you.
The blast of flame engulfs you but does no damage.
The Serpent of Hell breathes fire at you.
The fireball explodes!
The fireball engulfs you!! You resist.
Your resistance to physical damage fades away.
You feel protected from fire.
You die...

* , *#.# *
#)# *, #.#
, , #.* #.#
, * , , ..
#≈# &D #○#
* #**,#'
#○# #≈###.
#○# '
.)..§,##@##
,*#"=##D○○#
#○DD○○#
**####○## *
* #○# , , ,
, ,* #≈# ,
,* #.# +
#.# , #.#


You could see the Serpent of Hell (catching breath), an ice dragon (summoned)
and a quicksilver dragon (summoned).

Vanquished Creatures
  Khufu (D)
  An orb of fire (D)
  2 ancient liches (D)
  2 royal mummies (D)
  Boris (D)
  5 pandemonium lords (D)
  A curse toe (D)
  A pearl dragon (D)
  A Brimstone Fiend (D)
  2 Hell Sentinels (D)
  A lich (D)
  A deep elf master archer (D)
  Polyphemus (D)
  2 deep elf blademasters (D)
  2 titans (D)
  A sphinx (D)
  Gastronok (D)
  An emperor scorpion (D)
  A draconian stormcaller (D)
  2 orc warlords (D)
  Louise (D)
  A reaper (D)
  A white draconian (D)
  A red draconian (D)
  A yellow draconian (D)
  A green death (D)
  A mummy priest (D)
  Josephine (D)
  A yaktaur captain (D)
  A great orb of eyes (D)
  2 naga warriors (D)
  2 vault guards (D)
  A hell beast (D)
  An ice dragon (D)
  An ogre mage (D)
  A merfolk avatar (D)
  2 two-headed ogres (D)
  A vampire mage (D)
  Urug (D)
  3 deep elf knights (D)
  A sixfirhy (D)
  3 skeletal warriors (D)
  2 fire crabs (D)
  A cherub (D)
  A bog body (D)
  8 orc knights (D)
  3 phantasmal warriors (D)
  A lindwurm (D)
  2 deep elf zephyrmancers (D)
  An ugly thing (D)
  A wolf spider (D)
  A deep elf pyromancer (D)
  A manticore (D)
  2 elephants (D)
  A moth of wrath (D)
  An eye of devastation (D)
  A molten gargoyle (D)
  A black mamba (D)
  A cane toad (D)
  An orange demon (D)
  A hellion (D)
  A rime drake (D)
  An unseen horror (D)
  An efreet (D)
  A kobold demonologist (D)
  A tormentor (D)
  A freezing wraith (D)
  A hellwing (D)
  3 yaktaurs (D)
  2 ice devils (D)
  A wandering mushroom (D)
  A merfolk (D)
  A tyrant leech (D)
  A hornet (D)
  4 blink frogs (D)
  3 redbacks (D)
  A water elemental (D)
  2 air elementals (D)
  6 wraiths (D)
  2 basilisks (D)
  2 steam dragons (D)
  A warg (D)
  A small abomination (D)
  9 hell hounds (D)
  A large abomination (D)
  2 acid dragons (D)
  A necrophage (D)
  An ogre (D)
  11 wolves (D)
  2 centaurs (D)
  A kobold brigand (D)
  A gnoll sergeant (D)
  A scorpion (D)
  A quasit (D)
  An orc priest (D)
  An iron imp (D)
  An orc wizard (D)
  A hell rat (D)
  2 mummies (D)
  6 gnolls (D)
  2 river rats (D)
  A white imp (D)
  2 ufetubi (D)
  2 worms (D)
  An adder simulacrum (D)
  3 orcs (D)
  3 bats (D)
  2 giant cockroaches (D)
  A hobgoblin (D)
  3 jackals (D)
  3 kobolds (D)
  2 quokkas (D)
  A ball python simulacrum (D)
  2 ball python skeletons (D)
  A ball python zombie (D)
  A frilled lizard (D)
  2 goblins (D)
  A rat (D)
204 creatures vanquished.

Vanquished Creatures (others)
  2 vault guards (D)
2 creatures vanquished.

Grand Total: 206 creatures vanquished

Notes
Turn   | Place    | Note
-------+----------+-------------------------------------------
     0 | D        | mhtbhm the Minotaur Fighter began the quest for the Orb.
     0 | D        | Reached XP level 1. HP: 19/19 MP: 0/0
    15 | D        | Reached XP level 2. HP: 27/28 MP: 1/1
    19 | D        | Found a bloodstained altar of Trog.
    19 | D        | Found a shimmering blue altar of Sif Muna.
    19 | D        | Found a viscous altar of Jiyva.
    19 | D        | Found a hazy altar of Hepliaklqana.
    19 | D        | Found an opulent altar of Gozag.
    20 | D        | Found a glowing golden altar of the Shining One.
    20 | D        | Found a glowing silver altar of Zin.
    20 | D        | Found a basalt altar of Yredelemnul.
    20 | D        | Found a shimmering altar of Xom.
    20 | D        | Found an ornate altar of the Wu Jian Council.
    20 | D        | Found a sacrificial altar of Ru.
    20 | D        | Found a stormy altar of Qazlal.
    20 | D        | Found an iron altar of Okawaru.
    20 | D        | Found a sparkling altar of Nemelex Xobeh.
    20 | D        | Found a burning altar of Makhleb.
    20 | D        | Found a blossoming altar of Fedhas.
    20 | D        | Found a white marble altar of Elyvilon.
    20 | D        | Found a shadowy altar of Dithmenos.
    20 | D        | Found a snail-covered altar of Cheibriados.
    22 | D        | Found a radiant altar of Vehumet.
    22 | D        | Found a corrupted altar of Lugonu.
    23 | D        | Found a hide-covered altar of Uskayaw.
    23 | D        | Found an ancient bone altar of Kikubaaqudgha.
    23 | D        | Found a broken altar of Ashenzari.
    31 | D        | Became a worshipper of Qazlal Stormbringer
    77 | D        | Noticed a scorpion
    80 | D        | Reached * piety under Qazlal
    81 | D        | Reached skill level 1 in Dodging
    81 | D        | Reached skill level 5 in Shields
    86 | D        | Killed a scorpion
    87 | D        | Reached skill level 5 in Fighting
    87 | D        | Reached XP level 3. HP: 12/37 MP: 2/2
    87 | D        | Reached XP level 4. HP: 15/44 MP: 3/3
   324 | D        | Noticed a necrophage
   331 | D        | Reached ** piety under Qazlal
   338 | D        | Killed a necrophage
   339 | D        | Reached XP level 5. HP: 30/52 MP: 4/4
   500 | D        | Reached *** piety under Qazlal
   509 | D        | Reached **** piety under Qazlal
   526 | D        | Reached XP level 6. HP: 22/61 MP: 5/5
   732 | D        | Noticed an ice devil
   738 | D        | Killed an ice devil
   738 | D        | Reached ***** piety under Qazlal
   739 | D        | Reached skill level 10 in Axes
   739 | D        | Reached XP level 7. HP: 69/69 MP: 6/6
   836 | D        | Reached skill level 1 in Invocations
   845 | D        | Noticed a redback
   856 | D        | Killed a redback
   857 | D        | Reached skill level 2 in Invocations
   869 | D        | Reached skill level 10 in Shields
   876 | D        | Reached skill level 3 in Invocations
  1050 | D        | Noticed a freezing wraith
  1050 | D        | Noticed a hornet
  1054 | D        | Killed a hornet
  1054 | D        | Reached ****** piety under Qazlal
  1055 | D        | Reached XP level 8. HP: 78/78 MP: 9/9
  1058 | D        | Killed a freezing wraith
  1059 | D        | Reached skill level 4 in Invocations
  1063 | D        | Noticed an efreet
  1064 | D        | Noticed a deep elf zephyrmancer
  1069 | D        | Killed an efreet
  1070 | D        | Reached skill level 5 in Invocations
  1070 | D        | Noticed a cane toad
  1075 | D        | Killed a deep elf zephyrmancer
  1076 | D        | Reached skill level 10 in Fighting
  1076 | D        | Reached skill level 6 in Invocations
  1076 | D        | Reached XP level 9. HP: 54/85 MP: 10/12
  1079 | D        | Killed a cane toad
  1244 | D        | Noticed a black mamba
  1245 | D        | Noticed a bog body
  1246 | D        | Killed a black mamba
  1247 | D        | Reached skill level 15 in Axes
  1247 | D        | Reached skill level 7 in Invocations
  1250 | D        | Killed a bog body
  1251 | D        | Reached skill level 10 in Armour
  1432 | D        | Noticed an elephant
  1435 | D        | Noticed Gastronok
  1441 | D        | Noticed an elephant
  1443 | D        | Killed an elephant
  1452 | D        | Killed an elephant
  1453 | D        | Reached skill level 8 in Invocations
  1453 | D        | Reached XP level 10. HP: 59/95 MP: 13/15
  1455 | D        | Killed Gastronok
  1456 | D        | Reached skill level 9 in Invocations
  1459 | D        | Reached skill level 15 in Shields
  1599 | D        | Noticed a sixfirhy
  1601 | D        | Noticed Josephine
  1606 | D        | Noticed a phantasmal warrior
  1612 | D        | Noticed a soul eater
  1613 | D        | Killed a sixfirhy
  1616 | D        | Killed a phantasmal warrior
  1618 | D        | Killed Josephine
  1619 | D        | Reached skill level 10 in Invocations
  1619 | D        | Reached XP level 11. HP: 51/105 MP: 2/17
  1640 | D        | Noticed a deep elf zephyrmancer
  1648 | D        | Killed a deep elf zephyrmancer
  1649 | D        | Reached skill level 11 in Invocations
  1650 | D        | Noticed a phantasmal warrior
  1658 | D        | Killed a phantasmal warrior
  1782 | D        | Acquired a manual of Dodging
  1982 | D        | Noticed a deep elf pyromancer
  1985 | D        | Noticed a merfolk avatar
  1986 | D        | Killed a deep elf pyromancer
  1991 | D        | Killed a merfolk avatar
  1992 | D        | Reached skill level 12 in Invocations
  2051 | D        | Noticed a fire crab
  2053 | D        | Noticed a phantasmal warrior
  2061 | D        | Killed a fire crab
  2062 | D        | Reached skill level 5 in Dodging
  2063 | D        | Killed a phantasmal warrior
  2112 | D        | Noticed a deep elf blademaster
  2112 | D        | Noticed a white draconian
  2114 | D        | Paralysed by an air elemental for 1 turns
  2117 | D        | Reached XP level 12. HP: 95/117 MP: 12/20
  2122 | D        | Killed a deep elf blademaster
  2123 | D        | Reached skill level 13 in Invocations
  2123 | D        | Killed a white draconian
  2131 | D        | Got the ring of Kikubaaqudgha's Hope {Drain rF- rCorr Str+5
                  | Int+6}
  2238 | D        | Noticed a mummy priest
  2238 | D        | Noticed an emperor scorpion
  2243 | D        | Reached skill level 14 in Invocations
  2245 | D        | Killed a mummy priest
  2253 | D        | Killed an emperor scorpion
  2254 | D        | Paralysed by an air elemental for 1 turns
  2256 | D        | Noticed an ogre mage
  2257 | D        | Reached skill level 15 in Fighting
  2257 | D        | Reached skill level 15 in Invocations
  2266 | D        | Noticed Urug
  2271 | D        | Noticed a two-headed ogre
  2275 | D        | Killed a two-headed ogre
  2275 | D        | Killed an ogre mage
  2289 | D        | Killed Urug
  2289 | D        | Noticed a two-headed ogre
  2290 | D        | Reached XP level 13. HP: 68/127 MP: 7/23
  2293 | D        | Reached skill level 1 in Evocations
  2601 | D        | Noticed an orc warlord
  2601 | D        | Noticed an orc warlord
  2602 | D        | Noticed Polyphemus
  2606 | D        | Reached skill level 16 in Invocations
  2609 | D        | Killed an orc warlord
  2612 | D        | Killed an orc warlord
  2613 | D        | Reached skill level 17 in Invocations
  2617 | D        | Killed Polyphemus
  2663 | D        | Noticed a yellow draconian stormcaller
  2671 | D        | Reached skill level 18 in Invocations
  2678 | D        | Killed a yellow draconian stormcaller
  2735 | D        | Noticed a sphinx
  2741 | D        | Killed a sphinx
  2742 | D        | Reached XP level 14. HP: 57/138 MP: 19/26
  3091 | D        | Noticed an orb of fire
  3091 | D        | Gained mutation: You are frail. (-10% HP) [an orb of fire]
  3108 | D        | Gained mutation: Your body sometimes deteriorates upon
                  | taking damage. [an orb of fire]
  3115 | D        | Killed an orb of fire
  3116 | D        | Reached skill level 19 in Invocations
  3148 | D        | Lost mutation: Your body sometimes deteriorates upon taking
                  | damage. [potion of mutation]
  3148 | D        | Lost mutation: You are frail. (-10% HP) [potion of
                  | mutation]
  3148 | D        | Gained mutation: Your natural rate of healing is unusually
                  | fast. [potion of mutation]
  3148 | D        | Gained mutation: You are strong-willed. (Will+) [potion of
                  | mutation]
  3148 | D        | Gained mutation: You passively map a small area around you.
                  | [potion of mutation]
  3331 | D        | Noticed Boris
  3348 | D        | Killed Boris
  3349 | D        | Reached skill level 20 in Invocations
  3398 | D        | Noticed a reaper
  3403 | D        | Killed a reaper
  3524 | D        | Noticed a titan
  3529 | D        | Killed a titan
  3532 | D        | Noticed a Brimstone Fiend
  3542 | D        | Killed a Brimstone Fiend
  3804 | D        | Noticed a titan
  3810 | D        | Killed a titan
  3813 | D        | Noticed a curse toe
  3813 | D        | Noticed a Hell Sentinel
  3813 | D        | Noticed a lich
  3814 | D        | Killed a curse toe
  3815 | D        | Reached skill level 15 in Armour
  3815 | D        | Reached skill level 21 in Invocations
  3815 | D        | Killed a lich
  3820 | D        | Killed a Hell Sentinel
  3821 | D        | Reached XP level 15. HP: 96/151 MP: 14/28
  3868 | D        | Noticed Joidiune the pandemonium lord
  3875 | D        | Killed Joidiune the pandemonium lord
  4205 | D        | Noticed Haitunew the pandemonium lord
  4216 | D        | Killed Haitunew the pandemonium lord
  4217 | D        | Reached skill level 22 in Invocations
  4509 | D        | Noticed a royal mummy
  4519 | D        | Killed a royal mummy
  4520 | D        | Reached skill level 23 in Invocations
  4763 | D        | Noticed Louise
  4770 | D        | Killed Louise
  4839 | D        | Noticed a pearl dragon
  4839 | D        | Noticed Quicreva the pandemonium lord
  4842 | D        | Noticed an ancient lich
  4844 | D        | Identified the amulet of the Robin {Reflect rElec SH+5}
  4847 | D        | Noticed Utyishei the pandemonium lord
  4851 | D        | Identified the +7 great mace "Joxkathogei" {flame, Int+10}
  4855 | D        | Killed a pearl dragon
  4855 | D        | Noticed Laoledun the pandemonium lord
  4856 | D        | Killed Utyishei the pandemonium lord
  4856 | D        | Killed an ancient lich
  4857 | D        | Reached skill level 24 in Invocations
  4861 | D        | Killed Quicreva the pandemonium lord
  4862 | D        | Reached skill level 25 in Invocations
  4870 | D        | Killed Laoledun the pandemonium lord
  4876 | D        | Noticed a Hell Sentinel
  4881 | D        | Noticed an ancient lich
  4882 | D        | Identified the ring of Jawkaw {rElec rPois rF+ Int-4 Dex+3}
  4882 | D        | Noticed a deep elf master archer
  4904 | D        | Killed an ancient lich
  4905 | D        | Reached skill level 26 in Invocations
  4905 | D        | Reached XP level 16. HP: 49/165 MP: 4/32
  4909 | D        | Killed a deep elf master archer
  4925 | D        | Noticed a royal mummy
  4926 | D        | Killed a Hell Sentinel
  4932 | D        | Noticed Khufu
  4935 | D        | Killed Khufu
  4936 | D        | Reached skill level 27 in Invocations
  4936 | D        | Reached skill level 5 in Evocations
  4939 | D        | Noticed a deep elf blademaster
  4944 | D        | Noticed the Serpent of Hell
  4947 | D        | Killed a royal mummy
  4948 | D        | Killed a deep elf blademaster
  4952 | D        | Noticed a quicksilver dragon
  4954 | D        | Killed from afar by the Serpent of Hell

Illustrated notes

Levels and vault maps discovered:
D:        pitsprint [storerooms_1, entrance_room_1, metal_vault_4, armoury_2,
          mini_pit_1, grid_room_1, main_hall_1, silver_pit, the_coven_1,
          the_vestibule_1, steel_vault_5, golden_pit, hallway_of_sentries,
          crystal_vault_6, iron_vault_1, final_vault]

Skill      XL: |  1  2  3  4  5  6  7  8  9 10 11 12 13 14 15 16 |
---------------+-------------------------------------------------+-----
Fighting       | 4 5 7 8 9 10 11 12 14 15 16 18 20 21 | 21.5
Axes           | 3 4 6 8 10 12 14 16 18 19 20 21 23 24 | 24.4
Armour         | 4 6 7 8 9 10 11 13 15 17 19 | 19.1
Shields        | 4 6 7 8 9 10 12 14 15 17 19 21 23 24 26 | 26.0
Dodging        | 1 2 3 5 8 9 |  9.8
Invocations    | 3 6 8 10 12 15 18 21 26 27 | 27.0
Evocations     | 3 4 5 |  5.7
Stealth        | |  0.4

Action                   |  1- 3 |  4- 6 |  7- 9 | 10-12 | 13-15 | 16-18 || total
-------------------------+-------+-------+-------+-------+-------+-------++-------
Melee: War axe           |     2 |       |    46 |   129 |    48 |       ||   225
       Hand axe          |    11 |    44 |    39 |       |       |       ||    94
       Headbutt          |     1 |     8 |    12 |    26 |    47 |    11 ||   105
       Broad axe         |       |       |       |       |   119 |    29 ||   148
Invok: Disaster Area     |       |       |       |     7 |    15 |     3 ||    25
       Upheaval          |       |       |       |       |     1 |       ||     1
Evoke: Wand              |       |       |       |     4 |     2 |       ||     6
       Phantom mirror    |       |       |       |       |     4 |     1 ||     5
  Use: Potion            |     1 |     2 |     1 |     4 |    15 |     6 ||    29
       Scroll            |       |       |       |     1 |     3 |       ||     4
 Stab: Invisible         |       |       |       |       |     9 |       ||     9
       Distracted        |       |       |       |       |     1 |       ||     1
Armor: Scale mail        |     7 |     7 |       |       |       |       ||    14
       Plate armour      |       |    19 |    13 |       |       |       ||    32
       Chain mail        |       |       |    17 |    45 |     6 |       ||    68
       Gold dragon scale |       |       |       |       |    24 |    12 ||    36
Dodge: Dodged            |     6 |    10 |    19 |    28 |    16 |     2 ||    81
       Repelled          |       |       |       |       |     2 |       ||     2
Block: Kite shield       |    11 |    44 |    83 |   106 |    87 |       ||   331
       Tower shield      |       |       |       |       |    22 |    35 ||    57

Table legend: (Time is in decaauts)
 A = Elapsed time spent in this place.
 B = Non-inter-level travel time spent in this place.
 C = Inter-level travel time spent in this place.
 D = Time resting spent in this place.
 E = Time spent auto-exploring this place.
 F = Levels seen in this place.
 G = Mean time per level.
                   A        B        C        D        E       F      G
               +--------+--------+--------+--------+--------+-----+--------+
         Total |   4864 |   4864 |      0 |   3012 |    122 |   1 | 4864.0 |
       Dungeon |   4864 |   4864 |      0 |   3012 |    122 |   1 | 4864.0 |
               +--------+--------+--------+--------+--------+-----+--------+

Top non-repeatable levels by time:
       D: 4864 daAuts
